Match 39748551
Unlisted

Match 39748551
End
Panzerpioneer Squad
Panzerpioneer Squad
Selects Battlefield Espionage Battlegroup
Panzerpioneer Squad
Panzerpioneer Squad
Construct Light Support Kompanie
Selects 250/3 Funkpanzerwagen
250/3 Funkpanzerwagen
Fire Support Elements
Pak 38 Anti-tank Gun Team
2.5-tonne Medical Truck
Pak 38 Mechanized Group
Veteran Squad Leaders
Construct Panzerarmee Kommand
Selects Advanced Ambush Training
Panzer III L Medium Tank
Rapid Advance
Selects Sector Subterfuge Beacon
Vehicle Survival Package
Emergency Repair Kits
Panzer III L Medium Tank
Panzerpioneer Squad
Panzer III L Medium Tank
Selects Plunder
Selects Firestorm
Panzer III L Medium Tank
Firestorm
Enfelon
Decapsy
=BIA=Obersky
Libanese_de_Roma
Epicdeath
Sauzer88
0
0

Comments sign in to comment!

No comments posted yet!